 Dungeon Crawl Stone Soup version 0.31-a0-277-g31ea1f65cc (webtiles) character file.

Game seed: 17683849068764679463

350 HallandMoats the Trooper (level 6, 0/52 HPs)
             Began as a Mummy Monk on July 16, 2023.
             Slain by Edmund
             ... wielding a +1 dire flail of holy wrath
              (5 damage)
             ... on level 4 of the Dungeon.
             The game lasted 00:04:57 (3241 turns).

HallandMoats the Trooper (Mummy Monk)               Turns: 3241, Time: 00:04:57

Health: 0/52       AC: 12    Str: 17    XL:     6   Next: 33%
Magic:  6/6        EV: 11    Int:  9    God:
Gold:   144        SH:  0    Dex: 14    Spells: 5/5 levels left

rFire   x . .        a - +1 hand axe
rCold   + . .        c - orb {light}
rNeg    + + +        h - +0 ring mail
rPois   ∞            i - +0 helmet
rElec   .            (no cloak)
rCorr   .            e - +1 pair of gloves
SInv    .            (no boots)
Will    .....        (no amulet)
Stlth   +            f - +4 ring of protection
HPRegen 0.28/turn    (no ring)
MPRegen 0.10/turn

%: faith
@: glowing
A: cold resistance 1, negative energy resistance 3, torment resistance 2, heat
vulnerability 1, in touch with death 1, no potions, faith
a: no special abilities


You were on level 4 of the Dungeon.
You visited 1 branch of the dungeon, and saw 4 of its levels.

You collected 144 gold pieces.

Inventory:

Hand Weapons
 a - a +1 hand axe (weapon)
Armour
 c - an orb of light (worn)
 e - a +1 pair of gloves (worn)
 h - a +0 ring mail (worn)
 i - a +0 helmet (worn)
Jewellery
 f - a +4 ring of protection (left hand)
Scrolls
 b - 4 scrolls of identify
 l - a scroll of silence
 o - a scroll of enchant armour


   Skills:
 * Level 6.1 Fighting
 + Level 3.9 Axes
 - Level 2.4 Dodging


You had 5 spell levels left.
You didn't know any spells.
Your spell library was empty.

Dungeon Overview and Level Annotations

Branches:
Dungeon (4/15)
 Temple: D:4-7

Altars:
Yredelemnul

Annotations:
D:4 Edmund


Innate Abilities, Weirdness & Mutations

You are immune to poison.
Your flesh is cold resistant. (rC+)
You are immune to negative energy. (rN+++)
You are immune to unholy pain and torment.
You are vulnerable to heat. (rF-)
You are in touch with the powers of death.
You do not drink.
You have a special connection with the divine. (Faith)


Message History

You hit Edmund but do no damage.
Edmund is lightly wounded.
Edmund closely misses you.
You hit Edmund.
Edmund is moderately wounded.
Edmund closely misses you. Edmund barely misses you.
You hit Edmund but do no damage.
Edmund is moderately wounded.
Edmund barely misses you.
You hit Edmund but do no damage.
Edmund is moderately wounded.
Edmund hits you with a +1 dire flail of holy wrath.
You convulse.
You barely miss Edmund.
Edmund is moderately wounded.
Edmund hits you with a +1 dire flail of holy wrath.
You convulse.
You hit Edmund.
Edmund is moderately wounded.
Edmund misses you.
You hit Edmund but do no damage.
Edmund is moderately wounded.
Edmund barely misses you.
You hit Edmund.
Edmund is moderately wounded.
Edmund hits you with a +1 dire flail of holy wrath!
You convulse!
* * * LOW HITPOINT WARNING * * *
You hit Edmund but do no damage.
Edmund is moderately wounded.
Edmund closely misses you.
You barely miss Edmund.
Edmund is moderately wounded.
Edmund hits you but does no damage.
You hit Edmund.
Edmund is heavily wounded.
Edmund hits you with a +1 dire flail of holy wrath!
* * * LOW HITPOINT WARNING * * *
You convulse.
You die...

####................#.##.........
# ####.#####.#..................
# ##...####....#######....###.# #
#............# ##.#.# #!# #
##...######..# ###.# #.# # ##.##
#..# #.# #.# # ### #..# #.# #.# #
#.@# #.# #.. # #.@# #†##### #
#..# #.†.# # #..# #.#.#
###############..# #...#
.................# ##.##
######.########..###### #.# ## #
#.# #.......# #.# #. # #.#
#..####.# #.# #! # #.# #..####.#
#.# #.


You could see Edmund.

Vanquished Creatures
  Grinder (D:4)
  A hound (D:4)
  A jelly (D:4)
  2 adders
  2 worms
  3 dart slugs (D:1)
  An orc (D:3)
  4 ball pythons
  7 endoplasms
  3 giant cockroaches
  2 hobgoblins
  4 jackals (D:4)
  10 kobolds
  4 quokkas
  5 bats
  5 frilled lizards
  7 goblins
  3 rats (D:1)
65 creatures vanquished.

Notes
Turn   | Place    | Note
-------+----------+-------------------------------------------
     0 | D:1      | HallandMoats the Mummy Monk began the quest for the Orb.
     0 | D:1      | Reached XP level 1. HP: 18/18 MP: 1/1
   269 | D:1      | Reached XP level 2. HP: 22/24 MP: 2/2
   326 | D:1      | Gained mutation: You are in touch with the powers of death.
                  | [Mummy growth]
   326 | D:1      | Reached XP level 3. HP: 21/30 MP: 3/3
   634 | D:2      | Reached skill level 4 in Fighting
  1394 | D:3      | Found a basalt altar of Yredelemnul.
  1548 | D:3      | Reached XP level 4. HP: 38/38 MP: 4/4
  1871 | D:3      | Found a faded altar of an unknown god.
  2427 | D:4      | Noticed Grinder
  2437 | D:4      | Paralysed by Grinder for 4 turns
  2444 | D:4      | Paralysed by Grinder for 3 turns
  2455 | D:4      | Paralysed by Grinder for 4 turns
  2474 | D:4      | Killed Grinder
  2475 | D:4      | Reached skill level 6 in Fighting
  2475 | D:4      | Reached XP level 5. HP: 39/46 MP: 5/5
  2475 | D:4      | Reached XP level 6. HP: 45/52 MP: 6/6
  2629 | D:4      | Identified the +0 tower shield of a Gauntlet {rPois rC++
                  | Int+3 Dex-4}
  2918 | D:4      | Noticed Edmund
  3241 | D:4      | Slain by Edmund

Illustrated notes

Levels and vault maps discovered:
D:1:      ncdulo_lavacross, layout_rooms, minmay_statues_item
D:2:      layout_loops_cross
D:3:      layout_basic, lemuel_tele_altar, chequers_ecumenical_altar_island
D:4:      layout_loops_ring, uniq_grinder, uniq_edmund

Skill      XL: |  1  2  3  4 |
---------------+-------------+-----
Fighting       | 4 6 |  6.1
Axes           | 3 |  3.9
Dodging        | |  2.4

Action                     |  1- 3 |  4- 6 || total
---------------------------+-------+-------++-------
  Melee: Hand axe          |   105 |    91 ||   196
    Use: Scroll            |       |     8 ||     8
 Armour: Robe              |    24 |       ||    24
         Ring mail         |     6 |    40 ||    46
  Dodge: Dodged            |    70 |    50 ||   120

Table legend: (Time is in decaauts)
 A = Elapsed time spent in this place.
 B = Non-inter-level travel time spent in this place.
 C = Inter-level travel time spent in this place.
 D = Time resting spent in this place.
 E = Time spent auto-exploring this place.
 F = Levels seen in this place.
 G = Mean time per level.
                   A        B        C        D        E       F      G
               +--------+--------+--------+--------+--------+-----+--------+
         Total |   3286 |   3022 |    264 |     25 |   2239 |   4 |  821.5 |
       Dungeon |   3286 |   3022 |    264 |     25 |   2239 |   4 |  821.5 |
               +--------+--------+--------+--------+--------+-----+--------+

Top non-repeatable levels by time:
     D:4: 1054 daAuts
     D:3: 899 daAuts
     D:2: 696 daAuts
     D:1: 636 daAuts
